 Dungeon Crawl Stone Soup version 0.30.1-1-g62c8e00024 (webtiles) character file.

Game seed: 11916064806122728511

909 GeoRichter the Carver (level 8, -8/60 HPs)
             Began as a Merfolk Gladiator on July 16, 2023.
             Killed from afar by a steam dragon (22 damage)
             ... with a ball of steam
             ... on level 5 of the Dungeon.
             The game lasted 00:04:54 (3666 turns).

GeoRichter the Carver (Merfolk Gladiator)           Turns: 3666, Time: 00:04:54

Health: -8/60      AC: 13    Str: 14    XL:     8   Next: 8%
Magic:  8/8        EV: 18    Int:  7    God:
Gold:   543        SH:  0    Dex: 18    Spells: 7/7 levels left

rFire   . . .        a - +0 long sword
rCold   . . .        (no shield)
rNeg    . . .        g - +0 ring mail
rPois   .            c - +0 helmet
rElec   .            x - +2 cloak
rCorr   .            (no gloves)
SInv    .            (no boots)
Will    .....        (no amulet)
Stlth   +            v - +5 ring of evasion
HPRegen 0.30/turn    s - +4 ring of protection
MPRegen 0.11/turn

%: no passive effects
@: no status effects
A: (nimble swimmer 2), mertail
a: no special abilities


You were on level 5 of the Dungeon.
You visited 1 branch of the dungeon, and saw 5 of its levels.

You collected 543 gold pieces.

Inventory:

Hand Weapons
 a - a +0 long sword (weapon)
Missiles
 d - 2 throwing nets (quivered) {!f}
 e - 6 javelins
Armour
 c - a +0 helmet (worn)
 g - a +0 ring mail (worn)
   (You found it on level 1 of the Dungeon)
 x - a +2 cloak (worn)
   (You found it on level 3 of the Dungeon)
Jewellery
 s - a +4 ring of protection (right hand)
   (You took it off a goblin on level 2 of the Dungeon)
 v - a +5 ring of evasion (left hand)
   (You found it on level 3 of the Dungeon)
Wands
 r - a wand of paralysis (2)
   (You found it on level 2 of the Dungeon)
Scrolls
 b - 2 scrolls of acquirement {unknown}
 h - 2 scrolls of enchant weapon {unknown}
 k - a scroll of noise {!r}
 p - 4 scrolls of teleportation {unknown}
 t - 2 scrolls of magic mapping {unknown}
 w - a scroll of poison {unknown}
 y - a scroll of fear {unknown}
Potions
 f - 3 potions of curing {@q1}
 i - a potion of magic {unknown}
 j - a potion of attraction {unknown}
 l - a potion of heal wounds {unknown}
 m - 2 potions of brilliance {unknown}
 n - a potion of mutation {unknown}
 o - 4 potions of flight
 q - 2 potions of invisibility
 u - a potion of degeneration {unknown}
 z - a potion of cancellation {unknown}


   Skills:
 + Level 4.2 Fighting
 * Level 10.3 Long Blades
 - Level 2.0 Throwing
 + Level 4.7 Dodging


You had 7 spell levels left.
You didn't know any spells.
Your spell library contained the following spells:

 Spells                   Type           Power      Damage    Failure   Level
 Beastly Appendage        Tmut           0%         N/A       67%         1
 Magic Dart               Conj           0%         1d3       67%         1
 Call Imp                 Summ           0%         N/A       82%         2
 Mephitic Cloud           Conj/Pois/Air  0%         N/A       96%         3
 Ozocubu's Armour         Ice            0%         N/A       96%         3
 Ice Form                 Ice/Tmut       0%         N/A       100%        4
 Alistair's Intoxication  Tmut/Pois      0%         N/A       100%        5
 Metabolic Englaciation   Hex/Ice        0%         N/A       100%        5
 Simulacrum               Ice/Necr       0%         N/A       100%        6


Dungeon Overview and Level Annotations

Branches:
Dungeon (5/15) Zot: 26308
 Temple: D:4-7

Altars:
Dithmenos
Fedhas
Nemelex Xobeh
Xom

Annotations:
D:3 2 transporters, Peloso's ghost, amateur MiFi


Innate Abilities, Weirdness & Mutations

((You are very nimble when in or above water. (Stealth+, EV+, Speed+++)))
Your lower body shifts to a powerful aquatic tail in water.


Message History

The sleepcap is heavily damaged.
The sleepcap misses you.
You hit the sleepcap.
The sleepcap is severely damaged.
You slash the sleepcap!
You destroy the sleepcap!
No target in view!
No target in view!
No target in view!
A steam dragon comes into view.
The steam dragon hisses angrily.
The steam dragon breathes steam at you. The ball of steam hits you!
The steam dragon moves out of view.
You're standing in a cloud of steam!
You're standing in a cloud of steam!
No target in view!
No target in view!
Unknown command.
You are engulfed in a cloud of scalding steam.
The steam dragon barely misses you. The steam dragon misses you.
You barely miss the steam dragon. The steam dragon completely misses you.
The steam dragon misses you.
You closely miss the steam dragon. The steam dragon bites you.
The steam dragon claws you but does no damage.
You barely miss the steam dragon. The steam dragon breathes steam at you.
The ball of steam hits you!
* * * LOW HITPOINT WARNING * * *
You hit the steam dragon but do no damage.
You are engulfed in a cloud of scalding steam.
* * * LOW HITPOINT WARNING * * *
The steam dragon barely misses you. x2
You hit the steam dragon but do no damage.
You are engulfed in a cloud of scalding steam.
* * * LOW HITPOINT WARNING * * *
The steam dragon misses you. The steam dragon completely misses you.
You closely miss the steam dragon.
You are engulfed in a cloud of scalding steam.
* * * LOW HITPOINT WARNING * * *
The steam dragon bites you!
* * * LOW HITPOINT WARNING * * *
The steam dragon closely misses you. The steam dragon misses you.
The steam dragon barely misses you.
Unknown command.
You closely miss the steam dragon. You hit the steam dragon.
The steam dragon is lightly wounded.
The steam dragon breathes steam at you. The ball of steam hits you!!
You die...

... #######..####)......
.....##........#....##....
.....f..)#######.##..+....
###+####.# # #.##.... #.#
..####+# #.# .#.#
#.######...#.# #.D.......
..+ #<@....... ..#
######.#.. ... ..


You could see a steam dragon (catching breath).

Vanquished Creatures
  2 black bears (D:4)
  2 phantoms
  Blork the orc (D:5)
  2 scorpions (D:4)
  A hound (D:4)
  2 jellies
  A sleepcap (D:5)
  An iguana (D:4)
  Terence (D:2)
  Natasha (thrice) (D:4)
  7 adders
  An ufetubus (D:5)
  A worm (D:2)
  A dart slug (D:1)
  6 orcs
  9 ball pythons
  7 endoplasms
  4 giant cockroaches
  5 goblins
  5 hobgoblins
  5 jackals
  3 quokkas
  5 bats
  A frilled lizard (D:1)
  9 kobolds
  8 rats
93 creatures vanquished.

Notes
Turn   | Place    | Note
-------+----------+-------------------------------------------
     0 | D:1      | GeoRichter the Merfolk Gladiator began the quest for the
                  | Orb.
     0 | D:1      | Reached XP level 1. HP: 16/16 MP: 1/1
   104 | D:1      | Reached skill level 4 in Long Blades
   112 | D:1      | Reached XP level 2. HP: 20/23 MP: 2/2
   396 | D:1      | Reached XP level 3. HP: 27/28 MP: 3/3
   902 | D:2      | Noticed Terence
   916 | D:2      | Killed Terence
   917 | D:2      | Reached skill level 5 in Long Blades
   917 | D:2      | Reached XP level 4. HP: 35/35 MP: 4/4
  1887 | D:3      | Found a sparkling altar of Nemelex Xobeh.
  1887 | D:3      | Found a shimmering altar of Xom.
  2011 | D:3      | Found a transporter.
  2014 | D:3      | Noticed Peloso's ghost (amateur MiFi)
  2015 | D:3      | Found a transporter.
  2268 | D:4      | Reached skill level 6 in Long Blades
  2268 | D:4      | Reached XP level 5. HP: 41/41 MP: 5/5
  2287 | D:4      | Found a shadowy altar of Dithmenos.
  2509 | D:4      | Noticed Natasha
  2522 | D:4      | Killed Natasha
  2535 | D:4      | Found a blossoming altar of Fedhas.
  2635 | D:4      | Noticed Natasha
  2642 | D:4      | Killed Natasha
  2795 | D:4      | Reached skill level 7 in Long Blades
  2795 | D:4      | Reached XP level 6. HP: 48/48 MP: 6/6
  2969 | D:4      | Noticed a black bear
  2997 | D:4      | Reached skill level 8 in Long Blades
  3009 | D:4      | Killed a black bear
  3010 | D:4      | Reached XP level 7. HP: 53/53 MP: 7/7
  3112 | D:4      | Reached skill level 9 in Long Blades
  3433 | D:4      | Noticed Natasha
  3439 | D:4      | Killed Natasha
  3481 | D:5      | Entered Level 5 of the Dungeon
  3490 | D:5      | Got Sif Muna's Catalogue of Moulding
  3575 | D:5      | Reached skill level 10 in Long Blades
  3625 | D:5      | Noticed Blork the orc
  3636 | D:5      | Killed Blork the orc
  3637 | D:5      | Reached XP level 8. HP: 60/60 MP: 8/8
  3666 | D:5      | Killed from afar by a steam dragon

Illustrated notes

Levels and vault maps discovered:
D:1:      wheals_arrival_shading, layout_basic
D:2:      layout_loops_ring, minmay_cupped, uniq_terence
D:3:      layout_basic, mainiacjoe_overflow_divided_tiny,
          gammafunk_ghost_mausoleum, serial_park_tiny_2
D:4:      minmay_polygon_palace, layout_loops_ring, marbit_many_paths,
          lemuel_coloured_pillars_altar, uniq_natasha
D:5:      layout_basic, serial_shops, shop, uniq_ijyb, uniq_blork_the_orc

Skill      XL: |  1  2  3  4  5  6  7 |
---------------+----------------------+-----
Long Blades    | 4 5 6 7 8 10 | 10.3
Fighting       | 3 4 |  4.2
Throwing       | |  2.0
Dodging        | |  4.7

Action                     |  1- 3 |  4- 6 |  7- 9 || total
---------------------------+-------+-------+-------++-------
  Melee: Long sword        |   111 |   155 |   118 ||   384
         Punch             |       |     2 |       ||     2
  Throw: Throwing net      |     1 |       |       ||     1
  Evoke: Wand              |       |     4 |       ||     4
    Use: Scroll            |       |     4 |       ||     4
   Stab: Held in net/web   |     1 |       |       ||     1
         Paralysed         |       |     2 |       ||     2
 Armour: Leather armour    |    40 |       |       ||    40
         Ring mail         |    13 |    55 |    45 ||   113
  Dodge: Dodged            |   100 |   112 |   146 ||   358
